[Event "GER-chT Youth Countries 2020"]
[Site "Berlin"]
[Date "2020.10.02"]
[Round "4"]
[White "Wagner, Margarethe"]
[Black "Moenster, Madita"]
[Result "1/2-1/2"]
[ECO "B93"]
[WhiteElo "1804"]
[BlackElo "1918"]
[Annotator "ChessBase"]
[PlyCount "87"]
[EventDate "2020.09.30"]
[EventType "team-tourn"]
[EventRounds "7"]
[EventCountry "GER"]
[SourceTitle "playchess.com"]
[Source "ChessBase"]
[SourceQuality "1"]
[TimeControl "30/5400+30:0"]

1. e4 c5 2. Nf3 d6 3. d4 cxd4 4. Nxd4 Nf6 5. Nc3 a6 6. f4 e5 7. Nf3 Nbd7 8. a4 Be7 9. Bc4 O-O 10. O-O Qc7 11. Ba2 Nc5 12. Nd5 Nxd5 13. Bxd5 Bd7 14. a5 Rac8 15. c3 Bc6 16. Re1 Nd7 17. Be3 Bf6 18. f5 Bxd5 19. Qxd5 Be7 20. h3 Nf6 21. Qd3 h6 22. Bb6 Qc6 23. Rad1 Nh5 24. Kh2 Qc4 25. Qxc4 Rxc4 26. Nd2 Rcc8 27. Nf1 Nf6 28. Ne3 Rc6 29. Nd5 Nxd5 30. Rxd5 g6 31. Kg3 gxf5 32. exf5 Rc4 33. Kh2 Rf4 34. g4 Kg7 35. Re2 Rc8 36. Be3 Rfc4 37. Rf2 f6 38. Kg3 R8c6 39. Bb6 Re4 40. Kf3 Re1 41. Re2 Rb1 42. Rdd2 Rc4 43. Re4 Rc6 44. Ree2 1/2-1/2

[Event "GER-chT Youth Countries 2020"]
[Site "Berlin"]
[Date "2020.10.02"]
[Round "4"]
[White "Mundt, Alexandra"]
[Black "Schulz, Hannah"]
[Result "1-0"]
[ECO "B34"]
[WhiteElo "1786"]
[BlackElo "1589"]
[Annotator "NA"]
[PlyCount "37"]
[EventDate "2020.09.30"]
[EventType "team-tourn"]
[EventRounds "7"]
[EventCountry "GER"]
[SourceTitle "playchess.com"]
[Source "ChessBase"]
[SourceQuality "1"]
[TimeControl "30/5400+30:0"]

1. e4 c5 2. Nf3 Nc6 3. d4 cxd4 4. Nxd4 g6 5. Nc3 Bg7 6. Nb3 Nf6 7. Be2 O-O 8. Be3 d6 9. Qd2 Ng4 10. Bxg4 Bxg4 11. f3 Bd7 12. Bh6 a5 13. h4 a4 14. Bxg7 Kxg7 15. h5 Rh8 16. Nd4 e5 17. Nxc6 Bxc6 18. O-O-O a3 19. b3 1-0

[Event "GER-chT Youth Countries 2020"]
[Site "Berlin"]
[Date "2020.10.02"]
[Round "4"]
[White "Haubold, Sebastian Marcel"]
[Black "Yue, Qizhou"]
[Result "1-0"]
[ECO "B49"]
[WhiteElo "1769"]
[BlackElo "1775"]
[Annotator "NA"]
[PlyCount "83"]
[EventDate "2020.09.30"]
[EventType "team-tourn"]
[EventRounds "7"]
[EventCountry "GER"]
[SourceTitle "playchess.com"]
[Source "ChessBase"]
[SourceQuality "1"]
[TimeControl "30/5400+30:0"]

1. e4 c5 2. Nf3 e6 3. d4 cxd4 4. Nxd4 Nc6 5. Nc3 Qc7 6. Be2 a6 7. Be3 Nf6 8. a3 Be7 9. f4 d6 10. g4 Nxd4 11. Qxd4 e5 12. Qd2 Bxg4 13. O-O-O Be6 14. Rhg1 g6 15. Rgf1 O-O-O 16. f5 gxf5 17. exf5 Bd7 18. Bg5 Bc6 19. Bxf6 Bxf6 20. Nd5 Bxd5 21. Qxd5 Rhg8 22. Rf3 e4 23. Rb3 Rge8 24. Bh5 Re5 25. Qxf7 Qxf7 26. Bxf7 d5 27. Be6+ Kb8 28. Re1 h6 29. Re2 e3 30. Kd1 d4 31. Rd3 Rb5 32. Rb3 Rxb3 33. Bxb3 Kc7 34. Bc4 Rd7 35. Rg2 Bg5 36. Ke2 Kd6 37. Rg4 Ke5 38. Bd3 Bf6 39. Re4+ Kd5 40. Re6 Rd6 41. Be4+ Kc5 42. b4+ 1-0

[Event "GER-chT Youth Countries 2020"]
[Site "Berlin"]
[Date "2020.10.02"]
[Round "4"]
[White "Basovskiy, Jana"]
[Black "Farokhi, Keyvan"]
[Result "0-1"]
[ECO "B19"]
[WhiteElo "1760"]
[BlackElo "2001"]
[Annotator "ChessBase"]
[PlyCount "52"]
[EventDate "2020.09.30"]
[EventType "team-tourn"]
[EventRounds "7"]
[EventCountry "GER"]
[SourceTitle "playchess.com"]
[Source "ChessBase"]
[SourceQuality "1"]
[TimeControl "30/5400+30:0"]

1. e4 c6 2. d4 d5 3. Nc3 dxe4 4. Nxe4 Bf5 5. Ng3 Bg6 6. h4 h6 7. Nf3 Nd7 8. h5 Bh7 9. Bd3 Bxd3 10. Qxd3 e6 11. Bd2 Ngf6 12. O-O-O Be7 13. Kb1 O-O 14. Ne4 Nxe4 15. Qxe4 Nf6 16. Qe2 Qd5 17. Be3 b5 18. Ne5 Bd6 19. f4 Qe4 20. Rh3 Nd5 21. Qf2 Bxe5 22. dxe5 Rfd8 23. Bc1 Nc3+ 24. Rxc3 Rxd1 25. g4 Rad8 26. b3 b4 0-1

[Event "GER-chT Youth Countries 2020"]
[Site "Berlin"]
[Date "2020.10.02"]
[Round "4"]
[White "Braeutigam, Katerina"]
[Black "Uhlmann, Tim"]
[Result "0-1"]
[ECO "C89"]
[WhiteElo "1744"]
[BlackElo "1523"]
[Annotator "NA"]
[PlyCount "40"]
[EventDate "2020.09.30"]
[EventType "team-tourn"]
[EventRounds "7"]
[EventCountry "GER"]
[SourceTitle "playchess.com"]
[Source "ChessBase"]
[SourceQuality "1"]
[TimeControl "30/5400+30:0"]

1. e4 e5 2. Nf3 Nc6 3. Bb5 a6 4. Ba4 Nf6 5. O-O Be7 6. Re1 b5 7. Bb3 O-O 8. c3 d5 9. exd5 Nxd5 10. Nxe5 Nxe5 11. Rxe5 Nf6 12. d4 Bd6 13. Re1 Ng4 14. h3 Nxf2 15. Qf3 Qh4 16. Qxf2 Bh2+ 17. Kf1 Bg3 18. Qe3 Bxh3 19. Bd5 Be6 20. Bf3 Bc4+ 0-1

[Event "GER-chT Youth Countries 2020"]
[Site "Berlin"]
[Date "2020.10.02"]
[Round "4"]
[White "Nitsche, Nikolai"]
[Black "Werner, Rosalie"]
[Result "0-1"]
[ECO "D02"]
[WhiteElo "1721"]
[BlackElo "1688"]
[Annotator "NA"]
[PlyCount "130"]
[EventDate "2020.09.30"]
[EventType "team-tourn"]
[EventRounds "7"]
[EventCountry "GER"]
[SourceTitle "playchess.com"]
[Source "ChessBase"]
[SourceQuality "1"]
[TimeControl "30/5400+30:0"]

1. d4 Nf6 2. Nf3 d5 3. Bf4 e6 4. e3 c5 5. c3 Bd6 6. Bg3 Qc7 7. Be2 Nbd7 8. Nbd2 O-O 9. O-O Bxg3 10. hxg3 e5 11. dxe5 Nxe5 12. Nxe5 Qxe5 13. c4 Rd8 14. Qb3 Qe7 15. Nf3 b6 16. Rfd1 Bb7 17. a4 Ba6 18. Bf1 Bxc4 19. Bxc4 dxc4 20. Qxc4 Rxd1+ 21. Rxd1 Rd8 22. Rxd8+ Qxd8 23. a5 Qd1+ 24. Qf1 Qc2 25. Ne1 Qxb2 26. Qa6 g6 27. Qxa7 bxa5 28. Qxc5 Qxf2+ 29. Kxf2 Ne4+ 30. Ke2 Nxc5 31. g4 Kf8 32. Kd2 Ne4+ 33. Kc2 Nf6 34. g5 Ne4 35. Nf3 a4 36. Kb2 Ke7 37. Ka3 Nc5 38. Kb4 Kd6 39. Nh2 Ne4 40. Kxa4 Ke6 41. Kb4 Nxg5 42. Kc3 Ke5 43. Kd3 f5 44. Nf1 Ne4 45. Nh2 Nc5+ 46. Ke2 Ke4 47. Nf3 Ne6 48. Nd2+ Ke5 49. Nf3+ Kf6 50. Ne1 Kg5 51. Kf2 Kg4 52. Nf3 h5 53. Ne5+ Kg5 54. Nf3+ Kf6 55. Kg3 Ng5 56. Nd4 Ne4+ 57. Kf3 g5 58. g3 g4+ 59. Kg2 Nc5 60. Ne2 Nd3 61. Nd4 Ke5 62. Kf1 Ke4 63. Kg2 Nb4 64. Kf2 Nd5 65. Nc2 Kd3 0-1

[Event "GER-chT Youth Countries 2020"]
[Site "Berlin"]
[Date "2020.10.02"]
[Round "4"]
[White "Bildat, Emilia"]
[Black "Grabs, Peter"]
[Result "1-0"]
[ECO "A13"]
[WhiteElo "1704"]
[BlackElo "1674"]
[Annotator "NA"]
[PlyCount "71"]
[EventDate "2020.09.30"]
[EventType "team-tourn"]
[EventRounds "7"]
[EventCountry "GER"]
[SourceTitle "playchess.com"]
[Source "ChessBase"]
[SourceQuality "1"]
[TimeControl "30/5400+30:0"]

1. c4 e6 2. g3 d5 3. Bg2 Nf6 4. Nf3 Bd6 5. O-O O-O 6. b3 c6 7. Bb2 Re8 8. Nc3 e5 9. cxd5 cxd5 10. Nb5 Nc6 11. Nxd6 Qxd6 12. d4 e4 13. Ne5 Qe6 14. f3 Nxe5 15. dxe5 Nd7 16. fxe4 dxe4 17. Bxe4 Nxe5 18. Bd5 Qh6 19. Bxe5 Qe3+ 20. Kh1 Qxe5 21. Bxf7+ Kh8 22. Bxe8 Qxe8 23. Qd6 Bh3 24. Rf2 Qe4+ 25. Kg1 h6 26. Rf8+ Rxf8 27. Qxf8+ Kh7 28. Qf2 Be6 29. Rf1 g6 30. Qf3 Qd4+ 31. e3 Qd7 32. Rd1 Qc8 33. Qf6 Qc2 34. Qe7+ Kh8 35. Rd8+ Bg8 36. Qf6+ 1-0

[Event "GER-chT Youth Countries 2020"]
[Site "Berlin"]
[Date "2020.10.02"]
[Round "4"]
[White "Zimmer, Luca"]
[Black "Yi, Danny"]
[Result "0-1"]
[ECO "C54"]
[WhiteElo "1690"]
[BlackElo "2266"]
[Annotator "ChessBase"]
[PlyCount "41"]
[EventDate "2020.09.30"]
[EventType "team-tourn"]
[EventRounds "7"]
[EventCountry "GER"]
[SourceTitle "playchess.com"]
[Source "ChessBase"]
[SourceQuality "1"]
[TimeControl "30/5400+30:0"]

1. e4 e5 2. Nf3 Nc6 3. Bc4 Bc5 4. c3 Nf6 5. d3 a6 6. O-O Ba7 7. Be3 O-O 8. Nbd2 h6 9. Bb3 Re8 10. Bxa7 Nxa7 11. Nc4 d6 12. Ne3 c5 13. Nh4 Nc6 14. Nhf5 Ne7 15. g4 Ng6 16. Ng2 Be6 17. h4 Nh7 18. h5 Nf4 19. Nxf4 exf4 20. Kg2 d5 21. Bxd5 0-1

[Event "GER-chT Youth Countries 2020"]
[Site "Berlin"]
[Date "2020.10.02"]
[Round "4"]
[White "Tovmasyan, Minas"]
[Black "Muedder, Melanie"]
[Result "0-1"]
[ECO "D97"]
[WhiteElo "1658"]
[BlackElo "2039"]
[Annotator "ChessBase"]
[PlyCount "43"]
[EventDate "2020.09.30"]
[EventType "team-tourn"]
[EventRounds "7"]
[EventCountry "GER"]
[SourceTitle "playchess.com"]
[Source "ChessBase"]
[SourceQuality "1"]
[TimeControl "30/5400+30:0"]

1. d4 Nf6 2. c4 g6 3. Nc3 d5 4. Nf3 Bg7 5. Qb3 dxc4 6. Qxc4 O-O 7. e4 Nc6 8. Be2 Nd7 9. Be3 Nb6 10. Qb3 Nxd4 11. Nxd4 Bxd4 12. Rd1 c5 13. Nd5 Nxd5 14. Bxd4 Qa5+ 15. Rd2 Nf4 16. Bc3 Qc7 17. Bf3 Be6 18. Qd1 b5 19. g3 b4 20. Bxb4 cxb4 21. gxf4 Qxf4 22. Rd4 0-1

[Event "GER-chT Youth Countries 2020"]
[Site "Berlin"]
[Date "2020.10.02"]
[Round "4"]
[White "Schreidl, Michael"]
[Black "Voigt, Anastasia"]
[Result "0-1"]
[ECO "C54"]
[WhiteElo "1640"]
[BlackElo "1562"]
[Annotator "NA"]
[PlyCount "84"]
[EventDate "2020.09.30"]
[EventType "team-tourn"]
[EventRounds "7"]
[EventCountry "GER"]
[SourceTitle "playchess.com"]
[Source "ChessBase"]
[SourceQuality "1"]
[TimeControl "30/5400+30:0"]

1. e4 e5 2. Nf3 Nc6 3. d4 exd4 4. Bc4 Bc5 5. c3 Nf6 6. e5 d5 7. Bb5 Ne4 8. cxd4 Bb4+ 9. Bd2 Nxd2 10. Nbxd2 O-O 11. a3 Ba5 12. b4 Bb6 13. Nb3 f6 14. Qc2 Ne7 15. Bd3 h6 16. exf6 Rxf6 17. O-O Bf5 18. Bxf5 Nxf5 19. Nc5 Qc8 20. Qd3 Nd6 21. Ne5 Qf5 22. Qb3 c6 23. g4 Qf4 24. Rad1 Bxc5 25. bxc5 Nb5 26. Qb2 Re8 27. Rfe1 b6 28. a4 Nc7 29. cxb6 axb6 30. Re3 Rxe5 31. dxe5 Qxg4+ 32. Rg3 Qxd1+ 33. Kg2 Rf7 34. Qxb6 Ne6 35. h3 Qxa4 36. Qb8+ Rf8 37. Qd6 Qe4+ 38. f3 Nf4+ 39. Kf1 Qe2+ 40. Kg1 Qe1+ 41. Kh2 Qf2+ 42. Kh1 Qxg3 0-1

[Event "GER-chT Youth Countries 2020"]
[Site "Berlin"]
[Date "2020.10.02"]
[Round "4"]
[White "Jacoby, Angelina"]
[Black "Koenig, Emmilie"]
[Result "0-1"]
[ECO "A20"]
[WhiteElo "1630"]
[BlackElo "1518"]
[Annotator "NA"]
[PlyCount "109"]
[EventDate "2020.09.30"]
[EventType "team-tourn"]
[EventRounds "7"]
[EventCountry "GER"]
[SourceTitle "playchess.com"]
[Source "ChessBase"]
[SourceQuality "1"]
[TimeControl "30/5400+30:0"]

1. c4 e5 2. g3 Nc6 3. Bg2 Nf6 4. Nc3 g6 5. e3 Bg7 6. Nge2 O-O 7. O-O Re8 8. d3 d6 9. h3 Rb8 10. Rb1 Bd7 11. b4 a6 12. a3 h6 13. Bb2 Kh7 14. e4 Kg8 15. Kh2 Qc8 16. Nd5 Nxd5 17. exd5 Ne7 18. f4 Nf5 19. Bc1 exf4 20. Nxf4 Ne3 21. Bxe3 Rxe3 22. Qd2 Re7 23. h4 h5 24. Nh3 Bxh3 25. Bxh3 Qe8 26. Rbe1 Kh7 27. Rxe7 Qxe7 28. Re1 Qf8 29. Qe3 Bf6 30. Qf4 Qg7 31. Rf1 Bb2 32. a4 Rf8 33. Qg5 Re8 34. Bd7 f6 35. Bxe8 fxg5 36. Rf7 Qxf7 37. Bxf7 g4 38. Be8 b6 39. Bc6 Bc3 40. b5 a5 41. Kg2 Kg7 42. Kf1 Kf7 43. Bd7 g5 44. hxg5 Kg6 45. Kg2 Kxg5 46. Be6 Bd4 47. Bd7 h4 48. gxh4+ Kxh4 49. Bf5 Kg5 50. Bh7 Kf4 51. Be4 Be3 52. Bh7 Kg5 53. Be4 Bd4 54. Bh7 Kf4 55. Be4 0-1

[Event "GER-chT Youth Countries 2020"]
[Site "Berlin"]
[Date "2020.10.02"]
[Round "4"]
[White "Kiefhaber, Tobias"]
[Black "Sommer, Justus"]
[Result "1-0"]
[ECO "D43"]
[WhiteElo "1542"]
[BlackElo "1845"]
[Annotator "NA"]
[PlyCount "119"]
[EventDate "2020.09.30"]
[EventType "team-tourn"]
[EventRounds "7"]
[EventCountry "GER"]
[SourceTitle "playchess.com"]
[Source "ChessBase"]
[SourceQuality "1"]
[TimeControl "30/5400+30:0"]

1. d4 Nf6 2. Nf3 e6 3. c4 d5 4. Nc3 c6 5. Bg5 Be7 6. e3 Nbd7 7. Bd3 dxc4 8. Bxc4 b5 9. Bd3 a6 10. Rc1 c5 11. h4 Bb7 12. h5 h6 13. Bf4 Qb6 14. Bb1 Nd5 15. Nxd5 Bxd5 16. e4 Bb7 17. Be3 Rd8 18. Qc2 c4 19. d5 Bb4+ 20. Kf1 Qd6 21. dxe6 Qxe6 22. Nd4 Qf6 23. Nf5 Ne5 24. Bd4 Rxd4 25. Nxd4 Nd3 26. Nf3 Nxc1 27. Qxc1 Qe7 28. Qf4 Qd6 29. Qxd6 Bxd6 30. Ke2 Kd7 31. Nd4 Be5 32. Ke3 Kc7 33. f4 Bxd4+ 34. Kxd4 Re8 35. Re1 Rd8+ 36. Ke3 Kb6 37. g4 Bc8 38. g5 b4 39. Rg1 Kc5 40. gxh6 gxh6 41. Rg7 Rd7 42. Rh7 Rd6 43. Rxf7 Be6 44. Rf6 Bg4 45. Rxd6 Kxd6 46. e5+ Ke6 47. Bg6 c3 48. bxc3 bxc3 49. Kd3 Kd5 50. Kxc3 Ke6 51. Kd4 Ke7 52. f5 Bd1 53. f6+ Ke6 54. f7 Ke7 55. Kc5 Bg4 56. f8=Q+ Kxf8 57. Kd6 Kg7 58. e6 a5 59. e7 Be6 60. Kxe6 1-0

[Event "GER-chT Youth Countries 2020"]
[Site "Berlin"]
[Date "2020.10.02"]
[Round "4"]
[White "Kadach, Maria"]
[Black "Huppert, Anna"]
[Result "0-1"]
[ECO "A40"]
[WhiteElo "1539"]
[BlackElo "1440"]
[Annotator "NA"]
[PlyCount "67"]
[EventDate "2020.09.30"]
[EventType "team-tourn"]
[EventRounds "7"]
[EventCountry "GER"]
[SourceTitle "playchess.com"]
[Source "ChessBase"]
[SourceQuality "1"]
[TimeControl "30/5400+30:0"]

1. d4 e6 2. Bf4 d5 3. e3 Nf6 4. c4 Bb4+ 5. Nc3 Nc6 6. a3 Be7 7. Nf3 O-O 8. Bd3 dxc4 9. Bxc4 b6 10. O-O Bb7 11. Re1 Nh5 12. Bg3 Nxg3 13. hxg3 Nb8 14. Bd3 f5 15. Ne5 Nd7 16. Qb3 Nxe5 17. Qxe6+ Nf7 18. Qxf5 Ng5 19. Qg4 Qd6 20. f4 Nf7 21. Kf2 Nh6 22. Qe2 Rae8 23. Rh1 Bc8 24. Ne4 Qc6 25. Rac1 Qb7 26. Rxh6 gxh6 27. Qh5 Bf5 28. Nf6+ Bxf6 29. Qxf5 c5 30. Rh1 Bxd4 31. Qg4+ Qg7 32. Qh5 Bxe3+ 33. Kf3 Qb7+ 34. Kg4 0-1

[Event "GER-chT Youth Countries 2020"]
[Site "Berlin"]
[Date "2020.10.02"]
[Round "4"]
[White "Werner, Florin"]
[Black "Berghold, Lotta"]
[Result "1-0"]
[ECO "B00"]
[WhiteElo "1481"]
[BlackElo "1411"]
[Annotator "NA"]
[PlyCount "81"]
[EventDate "2020.09.30"]
[EventType "team-tourn"]
[EventRounds "7"]
[EventCountry "GER"]
[SourceTitle "playchess.com"]
[Source "ChessBase"]
[SourceQuality "1"]
[TimeControl "30/5400+30:0"]

1. e4 b6 2. d4 Bb7 3. Bd3 e6 4. Nf3 Nf6 5. Nbd2 Be7 6. O-O O-O 7. Re1 d6 8. Nf1 Nbd7 9. Ng3 c5 10. e5 Nd5 11. c3 cxd4 12. cxd4 dxe5 13. dxe5 Re8 14. Nd4 a6 15. Nh5 Bf8 16. Nxg7 Bxg7 17. Qh5 Nf8 18. Nf3 Nf4 19. Bxh7+ Nxh7 20. Bxf4 Bxf3 21. Qxf3 Ra7 22. h3 Qb8 23. Qg3 Nf8 24. Re3 Ng6 25. Rae1 Rd7 26. h4 Ne7 27. Qg5 Nf5 28. Rb3 b5 29. g4 Nd4 30. Rg3 Qb7 31. h5 Ne2+ 32. Kh2 Nxf4 33. Qxf4 f6 34. h6 fxe5 35. Qg5 Rf8 36. Rf1 Qa7 37. Rg2 Qd4 38. hxg7 Rxg7 39. Qc1 Rxg4 40. Rxg4+ Qxg4 41. Rg1 1-0

[Event "GER-chT Youth Countries 2020"]
[Site "Berlin"]
[Date "2020.10.02"]
[Round "4"]
[White "Mueller, Sophie Charlotte"]
[Black "Rudolph, Eva"]
[Result "0-1"]
[ECO "B20"]
[WhiteElo "1459"]
[BlackElo "1836"]
[Annotator "NA"]
[PlyCount "56"]
[EventDate "2020.09.30"]
[EventType "team-tourn"]
[EventRounds "7"]
[EventCountry "GER"]
[SourceTitle "playchess.com"]
[Source "ChessBase"]
[SourceQuality "1"]
[TimeControl "30/5400+30:0"]

1. e4 c5 2. b4 cxb4 3. d4 d6 4. a3 Nf6 5. Bd3 Nc6 6. Bb5 Bd7 7. d5 Ne5 8. Bxd7+ Qxd7 9. f3 g6 10. axb4 Qb5 11. Qd4 Bg7 12. Nc3 Qc4 13. Be3 Nfd7 14. Qxc4 Nxc4 15. Bd2 Nde5 16. Ra2 Kd7 17. Nb1 Rhc8 18. Bc1 a5 19. bxa5 Rxa5 20. Rxa5 Nxa5 21. Na3 Nac4 22. Kd1 Ra8 23. f4 Nxa3 24. fxe5 Nc4 25. Nf3 Ra1 26. e6+ fxe6 27. dxe6+ Kxe6 28. Ng5+ Kd7 0-1

[Event "GER-chT Youth Countries 2020"]
[Site "Berlin"]
[Date "2020.10.02"]
[Round "4"]
[White "Ottlik, Marie"]
[Black "Reich, Elisabeth"]
[Result "1-0"]
[ECO "B75"]
[WhiteElo "1454"]
[BlackElo "1128"]
[Annotator "NA"]
[PlyCount "173"]
[EventDate "2020.09.30"]
[EventType "team-tourn"]
[EventRounds "7"]
[EventCountry "GER"]
[SourceTitle "playchess.com"]
[Source "ChessBase"]
[SourceQuality "1"]
[TimeControl "30/5400+30:0"]

1. e4 c5 2. Nf3 d6 3. d4 cxd4 4. Nxd4 Nf6 5. Nc3 g6 6. Be3 Bg7 7. f3 Nc6 8. Qd2 h5 9. O-O-O Bd7 10. h3 a6 11. Be2 b5 12. g4 Qc8 13. Nxc6 Bxc6 14. Bd4 Rh7 15. g5 Nd7 16. Bxg7 Rxg7 17. Nd5 Bxd5 18. Qxd5 Rb8 19. Qd4 Rg8 20. f4 Qc5 21. h4 Qxd4 22. Rxd4 Nc5 23. Rf1 Ne6 24. Rd5 Rh8 25. f5 gxf5 26. exf5 Nc5 27. f6 exf6 28. Rxf6 Ne4 29. Rf3 Rb7 30. Bd3 Re7 31. Re3 Nf2 32. Rxe7+ Kxe7 33. Rf5 Nxd3+ 34. cxd3 Ke6 35. Rf6+ Ke7 36. Kd2 Rh7 37. Ke3 Rh8 38. Kd2 a5 39. a3 b4 40. axb4 axb4 41. Rf4 Rb8 42. b3 Rb6 43. Ke3 Rb8 44. Re4+ Kd7 45. Rf4 Ke7 46. Rd4 Rb6 47. Kf4 Rb5 48. Ke3 Rb6 49. Rd5 Rb8 50. Rf5 Rb6 51. Kd4 Rb8 52. Kc4 Rb7 53. Rb5 Rxb5 54. Kxb5 f6 55. gxf6+ Kxf6 56. Kxb4 Kf5 57. Kc3 Kg4 58. b4 Kxh4 59. b5 Kg4 60. b6 h4 61. b7 h3 62. b8=Q h2 63. Qg8+ Kf3 64. Qh7 Kg2 65. Kc4 h1=Q 66. Qxh1+ Kxh1 67. Kd5 Kg2 68. d4 Kf3 69. Kxd6 Ke4 70. Kc5 Kf5 71. Kc6 Ke6 72. d5+ Ke7 73. Kc7 Ke8 74. d6 Kf7 75. d7 Ke6 76. d8=Q Ke5 77. Kc6 Ke6 78. Qd6+ Kf5 79. Qe7 Kf4 80. Kd5 Kf5 81. Qe5+ Kg6 82. Qf4 Kg7 83. Ke6 Kg6 84. Qf6+ Kh7 85. Qg5 Kh8 86. Kf7 Kh7 87. Qg7# 1-0

[Event "GER-chT Youth Countries 2020"]
[Site "Berlin"]
[Date "2020.10.02"]
[Round "4"]
[White "Haug, Mara"]
[Black "Margaryan, Susanna"]
[Result "1-0"]
[ECO "B43"]
[WhiteElo "1366"]
[BlackElo "1450"]
[Annotator "NA"]
[PlyCount "54"]
[EventDate "2020.09.30"]
[EventType "team-tourn"]
[EventRounds "7"]
[EventCountry "GER"]
[SourceTitle "playchess.com"]
[Source "ChessBase"]
[SourceQuality "1"]
[TimeControl "30/5400+30:0"]

1. e4 c5 2. Nf3 e6 3. d4 cxd4 4. Nxd4 a6 5. Nc3 Qc7 6. Be2 Bb4 7. Bd2 Nf6 8. f3 O-O 9. O-O Nc6 10. Nb3 b5 11. Qe1 Be7 12. a3 Rd8 13. Be3 d5 14. exd5 Nxd5 15. Nxd5 Rxd5 16. Bd3 Bb7 17. f4 Bf6 18. Rb1 h6 19. Nc5 Be7 20. Nxb7 Qxb7 21. Qg3 Bc5 22. Bxc5 Rxc5 23. Be4 Qc7 24. b4 Rc4 25. Qe3 Rd8 26. c3 Ne7 27. Rbc1 a5 1-0

[Event "GER-chT Youth Countries 2020"]
[Site "Berlin"]
[Date "2020.10.02"]
[Round "4"]
[White "Khanbekyan, Nare"]
[Black "Trunz, Michelle"]
[Result "0-1"]
[ECO "B90"]
[WhiteElo "1334"]
[BlackElo "1662"]
[Annotator "NA"]
[PlyCount "56"]
[EventDate "2020.09.30"]
[EventType "team-tourn"]
[EventRounds "7"]
[EventCountry "GER"]
[SourceTitle "playchess.com"]
[Source "ChessBase"]
[SourceQuality "1"]
[TimeControl "30/5400+30:0"]

1. e4 c5 2. Nf3 d6 3. d4 cxd4 4. Nxd4 Nf6 5. Nc3 a6 6. f3 e5 7. Nb3 Be6 8. Be3 Be7 9. Qd2 O-O 10. O-O-O Nc6 11. g4 b5 12. h4 Qc7 13. h5 b4 14. Na4 Rfb8 15. g5 Nd7 16. g6 Na5 17. gxh7+ Kxh7 18. h6 g6 19. Nxa5 Qxa5 20. b3 Nc5 21. Bxc5 dxc5 22. c4 Rd8 23. Qe3 Rxd1+ 24. Kxd1 Bd7 25. Nxc5 Qxc5 26. Qd2 Rd8 27. Kc2 Be6 28. Qh2 Qd4 0-1

[Event "GER-chT Youth Countries 2020"]
[Site "Berlin"]
[Date "2020.10.02"]
[Round "4"]
[White "Alhassan, Jodi"]
[Black "Moldovan, Tatiana"]
[Result "1/2-1/2"]
[ECO "B28"]
[WhiteElo "1275"]
[BlackElo "1480"]
[Annotator "NA"]
[PlyCount "98"]
[EventDate "2020.09.30"]
[EventType "team-tourn"]
[EventRounds "7"]
[EventCountry "GER"]
[SourceTitle "playchess.com"]
[Source "ChessBase"]
[SourceQuality "1"]
[TimeControl "30/5400+30:0"]

1. e4 c5 2. Nf3 a6 3. d4 cxd4 4. Nxd4 Nf6 5. Nc3 e5 6. Nb3 Bb4 7. Bg5 h6 8. Bh4 Nc6 9. Bc4 b5 10. Bd3 Bb7 11. O-O Bxc3 12. bxc3 d6 13. Re1 O-O 14. Be2 Nb8 15. Bd3 Nbd7 16. c4 bxc4 17. Bxc4 Qc7 18. Bd3 d5 19. Nd2 Rfe8 20. Rb1 Rab8 21. Rc1 dxe4 22. Nxe4 Nxe4 23. Bxe4 Bxe4 24. Rxe4 Rb2 25. a4 f5 26. Qd5+ Kh8 27. Rc4 Qb7 28. Qxb7 Rxb7 29. f3 Rb2 30. a5 e4 31. fxe4 fxe4 32. Re1 e3 33. Rd4 Nf6 34. Bxf6 gxf6 35. Rd3 Rxc2 36. Rdxe3 Rxe3 37. Rxe3 Ra2 38. Re6 Rxa5 39. Rxf6 Kg7 40. Rb6 h5 41. Kf2 Kf7 42. Ke3 Ke7 43. Rb2 Kd6 44. Kd3 Kc5 45. Kc3 Ra1 46. g3 a5 47. Kc2 Kc4 48. Rb1 Ra3 49. Rb2 a4 1/2-1/2

[Event "GER-chT Youth Countries 2020"]
[Site "Berlin"]
[Date "2020.10.02"]
[Round "4"]
[White "Lorenz, Veronika"]
[Black "Fischer, Juliane"]
[Result "0-1"]
[ECO "B21"]
[WhiteElo "1273"]
[BlackElo "1509"]
[Annotator "NA"]
[PlyCount "111"]
[EventDate "2020.09.30"]
[EventType "team-tourn"]
[EventRounds "7"]
[EventCountry "GER"]
[SourceTitle "playchess.com"]
[Source "ChessBase"]
[SourceQuality "1"]
[TimeControl "30/5400+30:0"]

1. e4 c5 2. d4 cxd4 3. c3 Nf6 4. e5 Nd5 5. cxd4 e6 6. Bc4 d6 7. Nf3 Nd7 8. O-O b6 9. Bxd5 exd5 10. Re1 dxe5 11. Nxe5 Be7 12. Bg5 Nxe5 13. Bxe7 Qxe7 14. Rxe5 Be6 15. f4 Qb4 16. Nc3 Qxb2 17. f5 Qxc3 18. Rc1 Qa3 19. fxe6 fxe6 20. Rxe6+ Kf7 21. Re5 Rhc8 22. Qh5+ Kg8 23. Rf1 Rf8 24. Rxf8+ Rxf8 25. Qg5 Qd3 26. h3 Qxd4+ 27. Kh2 Qf4+ 28. Qxf4 Rxf4 29. Rxd5 Ra4 30. Rd2 Ra6 31. Rf2 b5 32. Kg3 Rg6+ 33. Kf3 Rf6+ 34. Ke3 Rxf2 35. Kxf2 Kf7 36. Ke3 Ke6 37. Ke4 a5 38. Kd4 Kd6 39. a3 b4 40. axb4 axb4 41. Kc4 Ke5 42. Kxb4 Kf4 43. h4 Kg4 44. g3 Kxg3 45. h5 Kg4 46. h6 g6 47. Kc4 Kh5 48. Kd4 Kxh6 49. Ke3 g5 50. Kf3 Kg6 51. Kg4 h5+ 52. Kg3 Kf5 53. Kf3 h4 54. Kg2 g4 55. Kh2 Kf4 56. Kg2 0-1

[Event "GER-chT Youth Countries 2020"]
[Site "Berlin"]
[Date "2020.10.02"]
[Round "4"]
[White "Schwenke, Mia"]
[Black "Richter, Johanna"]
[Result "0-1"]
[ECO "B34"]
[WhiteElo "1265"]
[BlackElo "1107"]
[Annotator "NA"]
[PlyCount "86"]
[EventDate "2020.09.30"]
[EventType "team-tourn"]
[EventRounds "7"]
[EventCountry "GER"]
[SourceTitle "playchess.com"]
[Source "ChessBase"]
[SourceQuality "1"]
[TimeControl "30/5400+30:0"]

1. e4 c5 2. Nf3 Nc6 3. d4 cxd4 4. Nxd4 Nf6 5. Nc3 e5 6. Nxc6 bxc6 7. Bc4 Be7 8. f3 Bc5 9. Bb3 Bb7 10. Na4 Be7 11. Be3 O-O 12. Qd2 d5 13. exd5 cxd5 14. Bc5 Bxc5 15. Nxc5 Bc6 16. O-O-O d4 17. Rhe1 Re8 18. Qd3 Rb8 19. Ne4 Nd5 20. Bxd5 Bxd5 21. b3 Qe7 22. Kb2 Qb4 23. a3 Qb6 24. Rd2 Qc6 25. Ka2 a5 26. a4 Qxa4+ 27. Kb2 Bc4 28. Nc5 Qb4 29. c3 Qb5 30. Qc2 a4 31. Nxa4 Qxa4 32. b4 dxc3+ 33. Qxc3 Rxb4+ 34. Kc1 Rb3 35. Qxb3 Bxb3 36. Rd3 Rc8+ 37. Kd2 Qf4+ 38. Ke2 Rc2+ 39. Kf1 Bc4 40. Ra1 g6 41. Rad1 Bxd3+ 42. Kg1 Qe3+ 43. Kh1 Rc1 0-1